 Dungeon Crawl Stone Soup version 0.28.0-53-g5a82cb258f (webtiles) character file.

Game seed: 12961982486244616075

50 styxcanada the Sneak (level 3, 0/18 HPs)
             Began as a Spriggan Brigand on Aug 17, 2022.
             Succumbed to an adder's poison
             ... on level 2 of the Dungeon on Aug 18, 2022.
             The game lasted 00:05:11 (1531 turns).

styxcanada the Sneak (Spriggan Brigand)             Turns: 1531, Time: 00:05:12

Health: 0/18       AC:  3    Str:  7    XL:     3   Next: 55%
Magic:  4/4        EV: 18    Int: 12    God:
Gold:   18         SH:  0    Dex: 18    Spells: 2/2 levels left

rFire   . . .      SeeInvis +   k - +0 short sword (venom)
rCold   . . .      Faith    .   (no shield)
rNeg    . . .      Spirit   .   b - +0 robe
rPois   .          Reflect  .   (helmet restricted)
rElec   .          Harm     .   c - +0 cloak
rCorr   .          Rampage  .   (gloves unavailable)
Will    .....                   (boots unavailable)
Stlth   ++++......              (no amulet)
HPRegen 0.06/turn               (no ring)
MPRegen 0.09/turn               (no ring)

@: lethally poisoned (0 -> -4), attractive, very quick
A: very small, no large weapons, unfitting armour, see invisible, speed 3
a: no special abilities


You were on level 2 of the Dungeon.
You visited 1 branch of the dungeon, and saw 2 of its levels.

You collected 18 gold pieces.

Inventory:

Hand Weapons
 a - a +2 dagger
 f - a +0 hunting sling
 j - a +1 dagger of electrocution
 k - a +0 short sword of venom (weapon)
 o - a +3 dagger of holy wrath
Missiles
 d - 8 poisoned darts (quivered)
 e - 2 curare-tipped darts
 h - 59 stones
Armour
 b - a +0 robe (worn)
 c - a +0 cloak (worn)
Scrolls
 g - a scroll of amnesia {unknown}
 i - a scroll of identify {unknown}
Potions
 l - a potion of attraction
 m - a potion of curing {unknown}
 n - a potion of haste {unknown}


   Skills:
 * Level 1.7 Fighting
 + Level 2.4 Short Blades
 + Level 2.0 Throwing
 * Level 2.8 Dodging
 * Level 7.1 Stealth


You had 2 spell levels left.
You didn't know any spells.
Your spell library was empty.

Dungeon Overview and Level Annotations

Branches:
Dungeon (2/15)

Altars:


Innate Abilities, Weirdness & Mutations

You are very small and have problems with some larger weapons.
You are too small for most types of armour.
You have supernaturally acute eyesight. (SInv)
You cover ground extremely quickly. (Speed+++)


Message History

The adder is heavily wounded.
You feel sick. The adder completely misses you.
The adder bites you but does no damage.
You hit the adder.
The adder looks as sick as possible!
The adder is severely wounded.
You feel sick.
You are no longer poisoned.
The adder bites you but does no damage.
You hit the adder but do no damage.
The adder looks as sick as possible!
The adder is almost dead.
The adder misses you.
You closely miss the adder.
The adder is almost dead.
You kill the adder!
An adder comes into view.
The adder hisses angrily.
A bat comes into view.
You see here an adder corpse.
You see here 7 gold pieces.
You now have 18 gold pieces (gained 7).
The bat closely misses you.
You barely miss the bat. The bat barely misses you.
You barely miss the bat. The bat completely misses you.
You closely miss the bat. The bat closely misses you.
You barely miss the bat. The bat hits you but does no damage. x2
You hit the bat.
You kill the bat!
You closely miss the adder. The adder bites you.
* * * LOW HITPOINT WARNING * * *
You are lethally poisoned!
The adder poisons you! The adder bites you but does no damage.
You miss the adder.
* * * LOW HITPOINT WARNING * * *
You feel sick. The adder completely misses you.
Unknown command.
* * * LOW HITPOINT WARNING * * *
You feel sick.
It was a potion of attraction.
You feel attractive to monsters.
You die...

.....# ....#
..... ... ...
#.# #†#
######S##
#...##.@# ###.#
#...###.#.....#
#......†.......
#....##.(.#####
#...####.##
#)...###.#
####...#.#
######...#...
#..........#


You could see an adder.

Vanquished Creatures
  A gnoll (D:1)
  An adder (D:2)
  A dart slug (D:1)
  5 ball pythons (D:1)
  4 endoplasms (D:1)
  2 goblins
  2 hobgoblins (D:1)
  3 kobolds (D:1)
  A quokka (D:1)
  3 bats
  A frilled lizard (D:2)
  3 rats (D:1)
27 creatures vanquished.

Notes
Turn   | Place    | Note
-------+----------+-------------------------------------------
     0 | D:1      | styxcanada the Spriggan Brigand began the quest for the
                  | Orb.
     0 | D:1      | Reached XP level 1. HP: 10/10 MP: 2/2
   292 | D:1      | Reached skill level 6 in Stealth
   331 | D:1      | Reached XP level 2. HP: 10/14 MP: 3/3
   964 | D:1      | Reached XP level 3. HP: 18/18 MP: 4/4
  1150 | D:1      | Reached skill level 7 in Stealth
  1531 | D:2      | Succumbed to an adder's poison

Illustrated notes

Levels and vault maps discovered:
D:1:      tarquinn_simple_flora_water_e, layout_loops_ring
D:2:      layout_rooms, dreamdust_ecumenical_altar_grove, uniq_sigmund

Skill      XL: |  1  2  3 |
---------------+----------+-----
Stealth        | 6 7 |  7.1
Dodging        | 2 |  2.8
Fighting       | |  1.7
Short Blades   | |  2.4
Throwing       | |  2.0

Action                   || total
-------------------------++-------
Melee: Dagger            ||    35
       Punch             ||     2
       Short sword       ||    37
Throw: Dart              ||     6
  Use: Potion            ||     1
 Stab: Sleeping          ||    16
Armor: Robe              ||    11
Dodge: Dodged            ||    37
